 Dungeon Crawl Stone Soup version 0.14-a0-3315-g09e681a (webtiles) character file.

164 Kae the Cudgeler (level 4, -1/39 HPs)
             Began as a Minotaur Fighter on Mar 15, 2014.
             Slain by a phantom (7 damage)
             ... on Level 2 of the Dungeon.
             The game lasted 00:01:30 (1431 turns).

Kae the Cudgeler (Minotaur Fighter)                 Turns: 1431, Time: 00:01:30

HP  -1/39        AC 12     Str 21      XL: 4   Next: 27%
MP   2/2         EV  3     Int  6      God:
Gold 78          SH 18     Dex  9      Spells:  0 memorised,  3 levels left

rFire  . . .     SeeInvis .     a - +0 flail
rCold  . . .     Clarity  .     p - +0 plate armour
rNeg   . . .     Conserve .     c - +0 shield
rPois  .         rCorr    .     (helmet restricted)
rElec  .         rRot     .     n - +0 cloak
SustAb . .       Spirit   .     (no gloves)
rMut   .         Warding  .     (no boots)
Saprov . . .     Stasis   .     (no amulet)
MR     .....                    (no ring)
                                (no ring)

@: not resistant to hostile enchantments, extremely unstealthy
A: retaliatory headbutt, horns 2
a: no special abilities


You were on level 2 of the Dungeon.
You were hungry.

You visited 1 branch of the dungeon, and saw 2 of its levels.

You collected 78 gold pieces.

Inventory:

Hand weapons
 a - a +0,+0 flail (weapon)
Armour
 b - a +0 scale mail
 c - a +0 shield (worn)
 n - a +0 cloak (worn)
 p - a +0 plate armour (worn)
Comestibles
 d - 3 bread rations
 k - a meat ration
Scrolls
 f - 3 scrolls of identify {unknown}
 i - 2 scrolls of blinking {unknown}
 j - 2 scrolls of amnesia {unknown}
 l - 3 scrolls of enchant weapon II {unknown}
 m - a scroll of teleportation {unknown}
 q - 2 scrolls of remove curse {unknown}
Potions
 e - a potion of might
 g - a potion of restore abilities {unknown}
 h - a potion of agility {unknown}
 o - a potion of curing {unknown}


   Skills:
 - Level 3.6 Fighting
 + Level 5.5 Maces & Flails
 - Level 3.6 Armour
 - Level 3.6 Shields


You had 3 spell levels left.
You didn't know any spells.

Dungeon Overview and Level Annotations

Branches:
Dungeon (2/15)

Altars:
Yredelemnul
Zin


Innate Abilities, Weirdness & Mutations

You reflexively headbutt those who attack you in melee.
You have a pair of horns on your head.


Message History

The phantom hits you.
* * * LOW HITPOINT WARNING * * *
The phantom blinks!
You sock the phantom! You headbutt the phantom.
The phantom is almost destroyed.
The phantom hits you.
* * * LOW HITPOINT WARNING * * *
You closely miss the phantom.
The phantom is almost destroyed.
The phantom hits you but does no damage.
Your shield and plate armour prevent you from hitting the phantom.
The phantom is almost destroyed.
The phantom hits you but does no damage.
You hit the phantom but do no damage. Your headbutt misses the phantom.
The phantom is almost destroyed.
The phantom hits you but does no damage.
You closely miss the phantom. Your headbutt misses the phantom.
The phantom is almost destroyed.
The phantom hits you!
You die...

##....# ≈≈≈≈≈≈≈..≈≈≈≈≈≈≈≈#...# #
##.....# ≈≈≈≈≈≈≈..≈≈≈≈≈≈≈≈###.###
#......##≈≈≈≈≈≈≈.%%≈≈≈≈≈≈##......
'.......##≈≈≈≈≈≈..≈≈≈≈≈≈##.......
#..%.....##≈≈≈≈≈..≈≈≈≈≈###.#...##
##.......###≈≈≈%..≈≈≈≈####.##.##
###.....## ##≈≈≈..≈≈≈##........#
# ##...## ####''####.###.###.# #
##'## #.@..# #.# #.###.# #####.##
#p...# #.# #..##.# .......#
#.#### #.####.##.#
.####..########.# #......%..#
................# ######.#####
.##.....######### ##.## #
.##....## ##...## # .##.#.##
#.###.### .##.### #.# #....


You could see a phantom.

Vanquished Creatures
  4 adders (D:2)
  A worm (D:2)
  2 giant geckos (D:2)
  6 goblins
  3 hobgoblins
  8 jackals
  3 kobolds
  A quokka (D:2)
  7 bats
  3 giant newts
  9 rats
47 creatures vanquished.

Notes
Turn   | Place    | Note
--------------------------------------------------------------
     0 | D:1      | Kae, the Minotaur Fighter, began the quest for the Orb.
     0 | D:1      | Reached XP level 1. HP: 19/19 MP: 1/1
   114 | D:1      | Reached XP level 2. HP: 24/26 MP: 1/1
   303 | D:1      | Reached skill level 4 in Maces & Flails
   544 | D:2      | Reached XP level 3. HP: 29/31 MP: 2/2
   755 | D:2      | Found a basalt altar of Yredelemnul.
  1006 | D:2      | Found a glowing silver altar of Zin.
  1169 | D:2      | Reached skill level 5 in Maces & Flails
  1213 | D:2      | Reached XP level 4. HP: 39/39 MP: 2/2
  1372 | D:2      | Noticed a phantom
  1431 | D:2      | Slain by a phantom

Action                   |  1- 3 |  4- 6 || total
-------------------------+-------+-------++-------
Melee: Flail             |   106 |    40 ||   146
